[Event "15e Open International de Quenza"]
[Site "Quenza"]
[Date "2026.07.05"]
[Round "4.6"]
[White "SUMETS, Andrey"]
[Black "RATIER-FONTANA, Matteo"]
[Result "1-0"]
[TimeControl "5min+3s"]
[WhiteTitle "GM"]
[BlackTitle "-"]
[WhiteFideId "-"]
[BlackFideId "-"]
[WhiteElo "2470"]
[BlackElo "2368"]

1. d4 Nf6 2. c4 b6 3. Nc3 Bb7 4.
Nf3 Ne4 5. Nxe4 Bxe4 6. e3 e6 7. a3 Be7 8. Bd3 Bxd3 9. Qxd3 d5 10. O-O O-O 11. e4 dxe4 12. Qxe4 Nd7 13. Re1 Nf6 14.
Qe2 Re8 15. Bf4 Qc8 16. b4 c6 17. Ne5 a6 18. Qf3 c5 19. dxc5 bxc5 20. Nc6 Bf8 21. Rab1 Nd7 22. Be3 Nb8 23.
Ne5 Ra7 24. bxc5 Rc7 25. Bf4 f6 26. Rxb8 Qxb8 27. Nd7 Qc8 28.
Bxc7 Qxd7 29. Bb6 Rc8 30. Rd1 Qa4 31. Qe2 Kf7 32. g3 Bxc5 33. Qh5+ Kg8 34. Bxc5 Qa5 35. Rd7 Qe1+ 36. Kg2 Qe4+ 37. Kh3 Kh8 38. Re7 Rg8 39. Re8 Qc6 40. Rxg8+ Kxg8 41. Be3 e5 42. c5 g6 43. Qd1 Qe4 44. g4 h5 45. gxh5 g5 1-0

[Event "15e Open International de Quenza"]
[Site "Quenza"]
[Date "2026.07.05"]
[Round "4.15"]
[White "MULLON, Jean-Baptiste"]
[Black "TANNOUS BONELLI, Maxime"]
[Result "1-0"]
[TimeControl "5min+3s"]
[WhiteTitle "IM"]
[BlackTitle "-"]
[WhiteFideId "-"]
[BlackFideId "-"]
[WhiteElo "2198"]
[BlackElo "1802"]

1. e4 e5 2. Nf3 Nc6 3. Bb5 d6 4. d4 exd4 5.
Nxd4 Bd7 6. Bxc6 Bxc6 7.
Nc3 Nf6 8. O-O Be7 9. Qd3 O-O 10. Nxc6 bxc6 11. Bf4 Nd7 12. Qc4 c5 13. Nd5 Nb6 14. Qd3 Nxd5 15. Qxd5 Bf6 16. Rab1 Qe7 17. b3 Rfe8 18. Rfe1 Be5 19. Bxe5 Qxe5 20. Qxe5 Rxe5 21. f3 f6 22. Kf2 Kf7 23. Red1 Rb8 24. Rd2 Rb6 25. g4 g5 26. Rh1 Kg6 27. h4 h6 28. Ke3 Rb8 29.
hxg5 hxg5 30. Rdh2 Rg8 31. Rh7 Rg7 32. Rh8 c6 33. R1h6+ Kf7 34. c4 Rg6 35. Rxg6 Kxg6 36. Rd8 Re6 37. Rd7 d5 38. cxd5 cxd5 39. Rxd5 Ra6 40. a4 Rb6 41. Rd3 Rb7 42. Rc3 Rc7 43. Kd3 Kf7 44. Kc4 a6 45. Rd3 Ke6 46. Rd5 Rh7 47. Rxc5 Rh3 48. Rf5 Rh8 49. b4 Rc8+ 50. Rc5 Rh8 51. b5 axb5+ 52. axb5 Rh3 1-0

[Event "15e Open International de Quenza"]
[Site "Quenza"]
[Date "2026.07.05"]
[Round "4.3"]
[White "KOSTENIUK, Alexandra"]
[Black "FRESSINET, Laurent"]
[Result "1/2-1/2"]
[TimeControl "5min+3s"]
[WhiteTitle "GM"]
[BlackTitle "GM"]
[WhiteFideId "-"]
[BlackFideId "-"]
[WhiteElo "2392"]
[BlackElo "2565"]

1. e4 e5 2. Nf3 Nc6 3. Bc4 Nf6 4.
d3 Bc5 5. a3 a6 6. h3 d6 7. Nc3 Be6 8. Nd5 Bxd5 9. exd5 Ne7 10. Bg5 Ng6 11. Qd2 h6 12. Be3 Bxe3 13. fxe3 e4 14.
dxe4 Nxe4 15. Qd4 Qe7 16. Bd3 Nf6 17. Bf5 Ne5 18. O-O O-O 19. c4 Rfe8 20. Rae1 Nxf3+ 21. Rxf3 Qe5 22. Qd2 b5 23.
Rc1 Rab8 24. b4 bxc4 25. Rxc4 Qa1+ 26. Kh2 Qxa3 27. Bc2 Qa1 28. Rd4 Re5 29. Qd3 Kf8 30. Qc4 Re7 31. e4 Nd7 32. Rd1 Qb2 33. Qxc7 Qe5+ 34. Kh1 Rbe8 35.
Rdf1 Nf6 36. Qc4 Kg8 37. Qxa6 Qb2 38. Ba4 Rd8 39. Qb6 Ra8 40. Bc6 Rf8 41. Rxf6 gxf6 42. Qe3 Qe5 43. Rf4 Kh7 44. Qf3 Kg7 45. Rg4+ Kh7 46. Rf4 Kg7 47. Rg4+ Kh7 1/2-1/2

[Event "15e Open International de Quenza"]
[Site "Quenza"]
[Date "2026.07.05"]
[Round "4.2"]
[White "LAGARDE, Maxime"]
[Black "TERRIEUX, Kevin"]
[Result "1-0"]
[TimeControl "5min+3s"]
[WhiteTitle "GM"]
[BlackTitle "IM"]
[WhiteFideId "-"]
[BlackFideId "-"]
[WhiteElo "2583"]
[BlackElo "2451"]

1. Nf3 d5 2. g3 Nf6 3. Bg2 Bf5 4. O-O e6 5. d3 Nc6 6. Nbd2 Be7 7. Qe1 h6 8. e4 dxe4 9. dxe4 Bh7 10. Qe2 O-O 11. e5 Nd7 12.
Nb3 Nb4 13. Ne1 c6 14. a3 Na6 15. Nd3 Nac5 16. Nbxc5 Nxc5 17. Nf4 a5 18. Nh5 Bg6 19. h4 Qc7 20. Nf4 Bf5 21. Re1 Rfd8 22.
b3 Rd7 23. Bb2 Rad8 24. Bc3 Qb6 25. a4 Na6 26. Be4 Bxe4 27. Qxe4 Nb4 28. Re2 Nd5 29. Nxd5 Rxd5 30. Kg2 Bb4 31.
Bxb4 axb4 32. Qe3 Qa5 33. Rae1 Rd4 34. Qf3 Qc5 35. Qe3 R8d5 36. Kg1 Qa5 37. Kg2 Qd8 38. Qf3 Qc7 39. Re4 Qd7 40.
Qf4 Rxe4 41. Rxe4 c5 42.
Qe3 b6 43. Rg4 Kf8 44. Rf4 Kg8 45. Rg4 Kf8 46. Rc4 Qc7 47. Re4 Qd7 48. h5 Rd2 49. a5 bxa5 50. Qxc5+ Kg8 51. Qxa5 Rxc2 52. Qxb4 Qd1 53. Qd4 Qxh5 54.
Qd8+ Kh7 55. Qd3 Rc1 56. Re1+ 1-0

[Event "15e Open International de Quenza"]
[Site "Quenza"]
[Date "2026.07.05"]
[Round "4.11"]
[White "PIERI, Pierre-Louis"]
[Black "GERONIMI, Paul-Antoine"]
[Result "1-0"]
[TimeControl "5min+3s"]
[WhiteTitle "-"]
[BlackTitle "-"]
[WhiteFideId "-"]
[BlackFideId "-"]
[WhiteElo "2236"]
[BlackElo "1844"]

1. e4 c5 2. Nc3 e6 3. Nge2 a6 4.
g3 Nf6 5. Bg2 d6 6. O-O Be7 7. d4 cxd4 8. Nxd4 h6 9.
Be3 O-O 10. h3 Nbd7 11. Qd2 Rb8 12. Rad1 b5 13. Nc6 Qe8 14. Nxb8 Nxb8 15. a3 e5 16. f4 Be6 17. f5 Bc4 18. Rf2 b4 19. axb4 Nh5 20. b3 Bb5 21. g4 Nf4 22. Bxf4 exf4 23.
Qxf4 Qc8 24. Nd5 Bg5 25.
Qxg5 hxg5 26. Ne7+ Kh8 27. Nxc8 Rxc8 28. c4 Be8 29. Rxd6 Nc6 30. Rfd2 Kh7 31. e5 Nxb4 32.
Rd8 Rxd8 33. Rxd8 Bc6 34. e6 fxe6 35. fxe6 Bxg2 36. Kxg2 Kg6 37. e7 Nc6 38.
e8=Q+ 1-0

[Event "15e Open International de Quenza"]
[Site "Quenza"]
[Date "2026.07.05"]
[Round "4.4"]
[White "MAURIZZI, Marc Andria"]
[Black "RELANGE, Eloi"]
[Result "1-0"]
[TimeControl "5min+3s"]
[WhiteTitle "GM"]
[BlackTitle "GM"]
[WhiteFideId "-"]
[BlackFideId "-"]
[WhiteElo "2556"]
[BlackElo "2416"]

1. e4 c5 2. Nf3 Nc6 3. Bb5 g6 4.
O-O Bg7 5. Nc3 e5 6. a3 Nge7 7. b4 d6 8. bxc5 dxc5 9. d3 a6 10. Bc4 Nd4 11. a4 O-O 12. Rb1 Bg4 13. Rxb7 Nec6 14. Kh1 Bxf3 15. gxf3 Qh4 16. Nd5 Qh3 17. Rg1 Nxf3 18.
Rg2 Rab8 19. Bxa6 Ncd4 20. a5 Nxc2 21.
Qf1 Nce1 22. Ne3 Ra8 23. Rb6 Bh6 24. Rgxg6+ fxg6 25. Qxh3 Rf4 26. Qxh6 Rh4 27. Qxh4 1-0

[Event "15e Open International de Quenza"]
[Site "Quenza"]
[Date "2026.07.05"]
[Round "4.12"]
[White "LOVICHI, Raphael"]
[Black "TOMASI, Albert"]
[Result "0-1"]
[TimeControl "5min+3s"]
[WhiteTitle "-"]
[BlackTitle "FM"]
[WhiteFideId "-"]
[BlackFideId "-"]
[WhiteElo "1824"]
[BlackElo "2235"]

1. e4 c5 2. Nf3 d6 3. d4 cxd4 4. Nxd4 Nf6 5. Nc3 a6 6. Be3 e6 7. Qd2 Qc7 8. O-O-O Nbd7 9.
h3 b5 10. f3 b4 11. Nce2 d5 12.
exd5 Nxd5 13. g4 Be7 14. Bg2 Nxe3 15. Qxe3 Bb7 16. Rhg1 O-O 17. f4 Bxg2 18. Rxg2 Nb6 19. f5 e5 20. Nf3 Rac8 21. Ng3 Nc4 22.
Qe4 Bc5 23. Re2 Qa5 24. Kb1 Na3+ 25. Ka1 Bd4 26. Nxd4 exd4 27. f6 Nxc2+ 28. Kb1 b3 29. a3 d3 30. Rf2 Rfe8 31. Qf4 g5 32. Qf5 Qxf5 33. Nxf5 Kh8 34.
Ne7 Rc4 35. Rfd2 Rf4 36. Nd5 Rf3 37. Nc3 Re1 38. Rxe1 Nxe1 39. Nd5 h6 40. Nb4 Nc2 41. Nxd3 Rxh3 42. Nc1 Kh7 43. Nxb3 Nxa3+ 44. bxa3 Rxb3+ 45. Ka2 Rf3 46. Rd6 Kg6 47. Rxa6 Rf4 48. Rb6 Rxg4 49. Rb4 Rg2+ 50. Kb3 Rf2 51.
a4 Rxf6 52. a5 Rf3+ 53. Ka4 Rf1 54. Rb3 Rf4+ 55. Rb4 Rf1 56.
Rb3 Ra1+ 57. Ra3 Rb1 58. Rb3 Ra1+ 59. Ra3 Rc1 60. a6 g4 61. Rb3 Ra1+ 62. Ra3 Rc1 63. Kb5 Rc8 64. Kb6 Kg5 65. a7 Ra8 66. Kb7 Rxa7+ 67. Kxa7 f5 68. Kb6 f4 69. Kc5 g3 70. Kd4 g2 71. Ra1 Kg4 72. Ke4 h5 73. Rg1 f3 74. Rc1 f2 0-1

[Event "15e Open International de Quenza"]
[Site "Quenza"]
[Date "2026.07.05"]
[Round "4.1"]
[White "BRODOWSKI, Piotr"]
[Black "KOELLE, Tobias"]
[Result "0-1"]
[TimeControl "5min+3s"]
[WhiteTitle "IM"]
[BlackTitle "IM"]
[WhiteFideId "-"]
[BlackFideId "-"]
[WhiteElo "2435"]
[BlackElo "2613"]

1. Nf3 d5 2. g3 Nc6 3. d4 Bf5 4.
Bg2 Nb4 5. Na3 e6 6. c3 Nc6 7. O-O Bxa3 8. bxa3 Be4 9. a4 Nge7 10.
Ba3 O-O 11. Nd2 Bxg2 12. Kxg2 Re8 13. e3 Nf5 14. Qf3 Nd6 15. Rab1 Na5 16. Bxd6 cxd6 17. Qe2 Rc8 18. Rfc1 Re7 19.
Qb5 b6 20. Nb3 Nc4 21. Qa6 Rec7 22. h4 h6 23. a5 b5 24. Na1 Rc6 25. Qxb5 Na3 26. Qb7 Nxb1 27. Rxb1 Qxa5 28. Nb3 Qc7 29.
Qb5 Rxc3 30. Na5 Rc2 31. a4 Ra2 32. Nb7 Qc2 33. Rf1 Qxa4 34. Qb1 Qc2 35. Qb5 Qc6 36. Qb1 Ra6 0-1

[Event "15e Open International de Quenza"]
[Site "Quenza"]
[Date "2026.07.05"]
[Round "4.8"]
[White "PAKLEZA, Zbigniew"]
[Black "THIBOUS, Mathis"]
[Result "1/2-1/2"]
[TimeControl "5min+3s"]
[WhiteTitle "GM"]
[BlackTitle "-"]
[WhiteFideId "-"]
[BlackFideId "-"]
[WhiteElo "2453"]
[BlackElo "2003"]

1. Nf3 g6 2. d4 Bg7 3. Bf4 d6 4. e3 Nd7 5. h3 e5 6. Bh2 Nh6 7. Be2 O-O 8. O-O f5 9. c4 Nf7 10. Nc3 c6 11.
b4 Qe7 12. Rc1 g5 13. Re1 h5 14. c5 d5 15. Nxe5 Ndxe5 16. dxe5 g4 17. hxg4 hxg4 18.
Bd3 Bxe5 19. Bxe5 Nxe5 20. Ne2 Qg5 21. Nf4 Bd7 22. Kf1 Rae8 23. Bb1 Qh6 24. Ke2 Nf3 25. Kd3 Nxe1+ 26. Qxe1 Re4 27. Kc3 d4+ 28. Kb3 dxe3 29. Bxe4 exf2 30. Bd5+ cxd5 31.
Qxf2 Bb5 32. Re1 Bc4+ 33. Kc3 Qf6+ 34. Qd4 Qa6 35. Re7 Qa3+ 36. Kd2 Qxa2+ 37. Ke3 Qb3+ 38. Kd2 Qxb4+ 39. Ke3 Qb3+ 40. Kd2 Qb4+ 41. Ke3 Qb3+ 42. Kd2 Qb4+ 43. Ke3 Qb3+ 1/2-1/2

[Event "15e Open International de Quenza"]
[Site "Quenza"]
[Date "2026.07.05"]
[Round "4.9"]
[White "CHARNI, Ilyes"]
[Black "TREGUBOV, Pavel V."]
[Result "0-1"]
[TimeControl "5min+3s"]
[WhiteTitle "-"]
[BlackTitle "GM"]
[WhiteFideId "-"]
[BlackFideId "-"]
[WhiteElo "1876"]
[BlackElo "2391"]

1. e4 c5 2. d4 cxd4 3.
c3 d3 4. Nf3 d6 5. Bxd3 g6 6.
O-O Bg7 7. h3 Nc6 8. Nbd2 Nf6 9. Qe2 O-O 10. Nc4 b5 11.
Ne3 a6 12. Nd5 Nd7 13. a4 bxa4 14. Rxa4 Nc5 15. Ra1 e6 16. Ne3 a5 17. Bc2 Ba6 18. c4 Nb4 19. Rd1 Qb6 20. e5 dxe5 21.
Ng4 Nxc2 22. Qxc2 e4 23. Ng5 Qb3 24. Qxb3 Nxb3 25. Ra3 Bxc4 26. Be3 h5 27. Nh2 Rfd8 28. Re1 Bxb2 29. Nxe4 Bxa3 0-1

[ePGN "0.1;DGT LiveChess/2.2.11"]

[Event "15e Open International de Quenza"]
[Site "Quenza"]
[Date "2026.07.05"]
[Round "5.4"]
[White "FRESSINET, Laurent"]
[Black "PAKLEZA, Zbigniew"]
[Result "0-1"]
[TimeControl "5min+3s"]
[WhiteTitle "GM"]
[BlackTitle "GM"]
[WhiteFideId "-"]
[BlackFideId "-"]
[WhiteElo "2565"]
[BlackElo "2453"]

1. d4 d6 2. e4 Nf6 3. Nc3 c6 4. f4 Qb6 5. a3 e5 6.
Nf3 Nbd7 7. Be2 Be7 8. O-O exd4 9. Qxd4 d5 10. Qxb6 Nxb6 11. e5 Bc5+ 12. Kh1 Ng4 13. Nd1 h5 14.
h3 a5 15. Bd2 Bf5 16. Bd3 Nh6 17. b4 axb4 18. Be3 Nd7 19. a4 Bxd3 20. cxd3 Nf5 21. Re1 Bxe3 22. Nxe3 Nxe3 23. Rxe3 Nc5 24. d4 Rxa4 25. Rxa4 Nxa4 26. Rb3 Kd7 27. Rxb4 b5 28. f5 Ra8 29. Rb3 Nb6 30. Ng5 Ke7 31. Rf3 f6 32. Ne6 Nc4 33. Nxg7 fxe5 34. dxe5 Nxe5 35. Re3 Kd6 36. f6 d4 37. Re1 Kd5 38. Nxh5 Nd3 39.
Re7 Rf8 40. g4 b4 41. g5 b3 42. Rb7 Nc5 43. Rb6 d3 44. Nf4+ Ke4 45. Rb4+ Ke3 46. Ng2+ Kd2 47. g6 Rxf6 48.
g7 Rg6 49. Rg4 Rxg7 50. Rxg7 b2 51. Kh2 b1=Q 52. Nf4 Qf1 53. Rf7 Qf2 54. Kh1 Ne4 0-1

[Event "15e Open International de Quenza"]
[Site "Quenza"]
[Date "2026.07.05"]
[Round "5.14"]
[White "FRAGNAUD, Jean-Guy"]
[Black "PIERI, Pierre-Louis"]
[Result "0-1"]
[TimeControl "5min+3s"]
[WhiteTitle "-"]
[BlackTitle "-"]
[WhiteFideId "-"]
[BlackFideId "-"]
[WhiteElo "1929"]
[BlackElo "2236"]

1. d4 e6 2. Nf3 Nf6 3. Bg5 c5 4. e3 Nc6 5. Bd3 h6 6. Bh4 Be7 7. O-O d5 8. c3 O-O 9. Nbd2 a6 10.
a4 Nd7 11. Bg3 Bf6 12. Re1 e5 13. dxe5 Ndxe5 14. Bc2 Be6 15. a5 Nxf3+ 16. Nxf3 Nxa5 17.
Ne5 g6 18. Qf3 Nc6 19. Nd3 b6 20. Rad1 Bg7 21. h3 Qf6 22. Qxf6 Bxf6 23. Nf4 Ne7 24. Rd2 Ra7 25. Red1 Rd7 26.
h4 Rfd8 27. Ne2 Nf5 28. Bxf5 Bxf5 29. Nf4 d4 30. exd4 cxd4 31. cxd4 Rxd4 32. Rxd4 Rxd4 33. Ra1 a5 34. Rc1 Rb4 35. Nd5 Bxb2 36. Rc7 Rb5 37.
Ne7+ Kg7 38. Nxf5+ gxf5 39. Bf4 Bf6 40. h5 Rb4 41. Bd6 Re4 42. Rc8 Re1+ 43. Kh2 Be5+ 44. Bxe5+ Rxe5 45. Rb8 b5 46. Kg3 a4 47. Kf4 Rc5 48. Ra8 Rc6 49. Rb8 Ra6 50. Rxb5 a3 51. Rb1 Kf6 52. Rd1 0-1

[Event "15e Open International de Quenza"]
[Site "Quenza"]
[Date "2026.07.05"]
[Round "5.13"]
[White "BATSIASHVILI, Nino"]
[Black "HAVE, Didier"]
[Result "1-0"]
[TimeControl "5min+3s"]
[WhiteTitle "GM"]
[BlackTitle "-"]
[WhiteFideId "-"]
[BlackFideId "-"]
[WhiteElo "2306"]
[BlackElo "1965"]

1. d4 d5 2. c4 e6 3.
Nc3 f5 4. Bf4 c6 5. e3 Nf6 6.
Nf3 Be7 7. Bd3 O-O 8. O-O Ne4 9. h3 Nd7 10. Ne2 b6 11. Bh2 Bb7 12. Rc1 Rc8 13. a3 c5 14. Nf4 Rf6 15. Ne5 Nxe5 16.
dxe5 Rh6 17. Be2 Ng5 18. Qb3 Nf7 19. cxd5 exd5 20. e6 Nd6 21. Nxd5 Rg6 22. Nf4 Rh6 23. Rfd1 g5 24. Nd5 Ne4 25. Nxe7+ Qxe7 26. Rd7 Nf6 1-0

[Event "15e Open International de Quenza"]
[Site "Quenza"]
[Date "2026.07.05"]
[Round "5.10"]
[White "RELANGE, Eloi"]
[Black "DELADERRIERE, Calypso"]
[Result "1-0"]
[TimeControl "5min+3s"]
[WhiteTitle "GM"]
[BlackTitle "-"]
[WhiteFideId "-"]
[BlackFideId "-"]
[WhiteElo "2416"]
[BlackElo "2074"]

1. d4 Nf6 2. c4 e6 3. Nc3 Bb4 4. Qc2 c5 5. dxc5 Bxc5 6. Nf3 Nc6 7. Bg5 h6 8. Bh4 b6 9. e3 Bb7 10.
Be2 Be7 11. O-O O-O 12. Rfd1 d6 13. Rd2 a6 14. Rad1 Qc7 15. Bxf6 Bxf6 16. Ne4 Be7 17. Nxd6 Rad8 18. Nxb7 Qxb7 19. Qe4 Rxd2 20. Rxd2 Qc8 21. h4 Bf6 22. Bd3 Rd8 23.
a3 Kf8 24. b4 Ne7 25. h5 Nf5 26. g4 Nd6 27. Qh7 Ke7 28. Be2 Bc3 29. Rc2 Bf6 30. c5 bxc5 31. bxc5 Nb5 32. Qe4 Rd5 33.
Bxb5 axb5 34. c6 Qc7 35. Qb4+ Ke8 36. Kg2 Be7 37. Qb3 Bd6 38. Nd4 Qb6 39. Qd3 Ke7 40. Qe4 Rc5 41. Nf5+ Rxf5 42.
gxf5 Qc7 43. fxe6 fxe6 44. f4 Bxa3 45. Qd3 b4 46.
Kf3 Kf6 47. Qb5 Qd6 48. Ke2 Qc7 49. Qe5+ 1-0

[Event "15e Open International de Quenza"]
[Site "Quenza"]
[Date "2026.07.05"]
[Round "5.11"]
[White "TREGUBOV, Pavel V."]
[Black "ROUBERT, Emile"]
[Result "1-0"]
[TimeControl "5min+3s"]
[WhiteTitle "GM"]
[BlackTitle "-"]
[WhiteFideId "-"]
[BlackFideId "-"]
[WhiteElo "2391"]
[BlackElo "2021"]

1. e4 e5 2. Nf3 Nc6 3. Bb5 a6 4. Ba4 Nf6 5. d4 exd4 6. O-O Be7 7. e5 Ne4 8. Nxd4 Nc5 9. Nf5 O-O 10. Qg4 g6 11. Nxe7+ Qxe7 12.
Bxc6 bxc6 13. Qg3 d6 14. exd6 cxd6 15. Bf4 Ne4 16. Qa3 Qf6 17. Bh6 Re8 18. f3 Nc5 19. Qc3 Qxc3 20. Nxc3 Bf5 21.
Rf2 f6 22. h4 Kf7 23. Rd1 d5 24. g4 Bd7 25. Re2 Rxe2
26. Nxe2 a5 27. Kf2 Rb8 28.
b3 a4 29. Nd4 axb3 30. cxb3 Ne6 31. Be3 Ra8 32. a4 Rb8 33. Rb1 c5 34. Nxe6 Kxe6 35. Bxc5 Bxa4 36. Re1+ 1-0

[Event "15e Open International de Quenza"]
[Site "Quenza"]
[Date "2026.07.05"]
[Round "5.6"]
[White "FEDORCHUK, Sergey A."]
[Black "DE SEROUX, Camille"]
[Result "1-0"]
[TimeControl "5min+3s"]
[WhiteTitle "GM"]
[BlackTitle "WIM"]
[WhiteFideId "-"]
[BlackFideId "-"]
[WhiteElo "2530"]
[BlackElo "2076"]

1. e4 Nc6 2. Nf3 d6 3. d4 Nf6 4. Nc3 g6 5. Be3 Bg7 6. h3 O-O 7. d5 Nb8 8. Bc4 e5 9. dxe6 Bxe6 10.
Bxe6 fxe6 11. e5 dxe5 12. Qxd8 Rxd8 13. Bg5 Nc6 14. Bxf6 Bxf6 15. Ne4 Kg7 16. c3 h6 17. Ke2 b6 18.
h4 Rd5 19. h5 g5 20. Nh2 Rad8 21. Ng4 Be7 22. Ne3 R5d7 23. Rad1 Rxd1 24. Nxd1 Na5 25. Ne3 Nb7 26. Ng4 Bd6 27. Rd1 Rf8 28. b4 Rf5 29.
a3 a5 30. bxa5 bxa5 31. a4 Rf8 32. Rb1 Nc5 33. Nxc5 Bxc5 34. Rb5 Bb6 35. Rxe5 Rf4 36. f3 Rxa4 37. Rxe6 Ra2+ 38. Kd3 Rxg2 39. Rg6+ Kf8 40. Rxh6 Rg3 41. Ke4 a4 42. Rh8+ Ke7 43.
Ra8 Rg2 44. h6 a3 45. h7 1-0

[Event "15e Open International de Quenza"]
[Site "Quenza"]
[Date "2026.07.05"]
[Round "5.3"]
[White "KJARTANSSON, Gudmundur"]
[Black "MAURIZZI, Marc Andria"]
[Result "0-1"]
[TimeControl "5min+3s"]
[WhiteTitle "GM"]
[BlackTitle "GM"]
[WhiteFideId "-"]
[BlackFideId "-"]
[WhiteElo "2367"]
[BlackElo "2556"]

1. Nf3 Nf6 2. g3 c5 3. c4 b6 4.
Bg2 Bb7 5. O-O g6 6. Nc3 Bg7 7. d4 cxd4 8. Qxd4 Nc6 9. Qf4 O-O 10. Rd1 Rc8 11. Rb1 d6 12. b3 Nb8 13. Bb2 Nbd7 14. Rd2 a6 15. h3 Rc5 16. e4 Qa8 17. Nd5 Bxd5 18.
exd5 b5 19. Bf1 bxc4 20. bxc4 Rb8 21. Nd4 Ne5 22. Nb3 Rc7 23.
Re1 g5 24. Qe3 Nxc4 25. Bxc4 Rxc4 26. Qxg5 h6 27. Qf5 Re8 28.
Na5 Rc5 29. Nc6 Qxc6 30. Re4 Rxd5 31. Rxd5 Qxd5 0-1

[Event "15e Open International de Quenza"]
[Site "Quenza"]
[Date "2026.07.05"]
[Round "5.8"]
[White "TERRIEUX, Kevin"]
[Black "UTRERA, Ludovic"]
[Result "1-0"]
[TimeControl "5min+3s"]
[WhiteTitle "IM"]
[BlackTitle "-"]
[WhiteFideId "-"]
[BlackFideId "-"]
[WhiteElo "2451"]
[BlackElo "2067"]

1. e4 c6 2. d4 d5 3. Nc3 dxe4 4.
Nxe4 Nf6 5. Nxf6+ exf6 6. c3 Bd6 7.
Bd3 O-O 8. Ne2 Re8 9. O-O h5 10.
Nf4 Bg4 11. f3 Bxf4 12. Bxf4 Be6 13. Qd2 Nd7 14. Qf2 f5 15. Qg3 Qf6 16. h4 c5 17. Bg5 Qg6 18. Qf2 cxd4 19. Qxd4 b6 20.
Bb5 f6 21. Bf4 Red8 22. Bc7 a6 23.
Bxd8 axb5 24. Qd6 Rxd8 25. Qxe6+ Qf7 26. Qxf7+ Kxf7 27. Rad1 1-0

[Event "15e Open International de Quenza"]
[Site "Quenza"]
[Date "2026.07.05"]
[Round "5.17"]
[White "WEBB, Laurence E"]
[Black "LAGUNES, Matthieu"]
[Result "1-0"]
[TimeControl "5min+3s"]
[WhiteTitle "FM"]
[BlackTitle "-"]
[WhiteFideId "-"]
[BlackFideId "-"]
[WhiteElo "2200"]
[BlackElo "1917"]

1. e4 g6 2. d4 d6 3.
Nc3 a6 4. Nf3 b5 5. Bd3 Bb7 6. a4 b4 7. Ne2 Nd7 8. c3 a5 9. O-O Bg7 10. h3 c5 11. dxc5 Nxc5 12. Bb5+ Kf8 13. Ng3 h5 14. Bg5 f6 15. cxb4 axb4 16. Nd4 Qc8 17. Bd2 h4 18. Nge2 Nxe4 19. Nf4 e5 20. Nxg6+ Kf7 21. Nxh8+ Ke7 22. Ng6+ Kd8 23.
Rc1 Nc5 24. Bxb4 exd4 25. Qxd4 Bf8 1-0

[Event "15e Open International de Quenza"]
[Site "Quenza"]
[Date "2026.07.05"]
[Round "5.16"]
[White "LE ROY, Tristan"]
[Black "BONELLI MAESTRACCI, Pierre Joseph"]
[Result "0-1"]
[TimeControl "5min+3s"]
[WhiteTitle "-"]
[BlackTitle "-"]
[WhiteFideId "-"]
[BlackFideId "-"]
[WhiteElo "1915"]
[BlackElo "2205"]

1. e4 c5 2. Nf3 d6 3. d4 cxd4 4. Nxd4 Nf6 5.
Nc3 a6 6. Bc4 e6 7. Be3 Be7 8. Qf3 O-O 9. g4 Nbd7 10. Bxe6 Ne5 11. Qe2 fxe6 12. g5 Nfg4 13. f4 Nxe3 14. Qxe3 Ng6 15. O-O e5 16. Nf5 Bxf5 17. exf5 Nxf4 18. h4 Bxg5 19. hxg5 Qxg5+ 20. Kf2 Rxf5 21. Ne4 Ng2+ 0-1

[Event "15e Open International de Quenza"]
[Site "Quenza"]
[Date "2026.07.05"]
[Round "5.12"]
[White "RATIER-FONTANA, Matteo"]
[Black "GERONIMI, Jean-Thomas"]
[Result "1-0"]
[TimeControl "5min+3s"]
[WhiteTitle "-"]
[BlackTitle "-"]
[WhiteFideId "-"]
[BlackFideId "-"]
[WhiteElo "2368"]
[BlackElo "1972"]

1. Nf3 f5 2. d4 Nf6 3. Bf4 e6 4. e3 d5 5. c4 Bd6 6. Bxd6 Qxd6 7. Nc3 c6 8. Bd3 O-O 9. Qb3 Ne4 10. cxd5 cxd5 11. O-O Nxc3 12. bxc3 Nc6 13. Rfc1 Na5 14. Qa4 b6 15. Ne5 Rd8 16. Qd1 Nc6 17. Nxc6 Qxc6 18. c4 dxc4 19. Bxc4 Qd6 20. Qf3 Rb8 21. Qxf5 Kh8 22. Qg5 Bb7 23. Qg3 Qxg3 24. hxg3 Bd5 25. Bxd5 Rxd5 26. Rc7 Ra5 27. Rac1 h6 28. R1c2 b5 29. Re7 b4 30. Rxe6 Ra3 31. d5 a5 32. d6 Rd3 33. e4 a4 34. e5 b3 35. axb3 axb3 36. Rb2 Ra8 37. Kh2 Ra2 38. Rb1 Rxf2 39. Re7 Rfd2 40. Rb7 Rd5 41. Re1 b2 42. e6 Rd1 43. Rxd1 Rxd1 44. e7 Rxd6 45. e8=Q+ Kh7 46. Qe4+ Kh8 47. Rb8+ 1-0

[Event "15e Open International de Quenza"]
[Site "Quenza"]
[Date "2026.07.05"]
[Round "5.7"]
[White "MAZE, Sebastien"]
[Black "DELADERRIERE, Apollo"]
[Result "1-0"]
[TimeControl "5min+3s"]
[WhiteTitle "GM"]
[BlackTitle "-"]
[WhiteFideId "-"]
[BlackFideId "-"]
[WhiteElo "2455"]
[BlackElo "2111"]

1. e4 c6 2. Nf3 d5 3. d3 dxe4
4. dxe4 Qxd1+ 5. Kxd1 Nf6 6. Nfd2 e5 7. f3 Be6 8.
Bc4 Bxc4 9. Nxc4 Nbd7 10. a4 O-O-O 11. Ke2 Bc5 12. c3 b5 13. Ne3 a6 14. b4 Bb6 15. Nf5 Kc7 16. Nd2 g6 17.
Nh6 Rhf8 18. Nb3 Nh5 19. g3 f5 20. Be3 Bxe3 21. Kxe3 f4+ 22. Kf2 fxg3+ 23. hxg3 Rf6 24. Ra2 Rdf8 25. Nd2 Kd6 26. axb5 axb5 27. Nf5+ Ke6 28. Ne3 Ke7 29. Ra7 Rd6 30. Ke1 Rf7 31.
Ng4 Ke6 32. Rg1 Nhf6 33. Nf2 h5 34. Ke2 Nh7 35. Nh3 g5 36. Nb3 g4 37. fxg4 hxg4 38. Nf2 Ng5 39. Rh1 Rh7 40.
Rxh7 Nxh7 41. Nxg4 Nhf6 42. Nf2 Kf7 43. g4 Kg6 44. Kf3 Kg5 45. Rc7 Nf8 46. Nc5 Ng6 47. Nh3+ Kh6 48. g5+ Kh5 49. gxf6 Rxf6+ 50. Ke2 Kg4 51. Nf2+ Kg3 52. Nfd3 Kg2 53. Rg7 Kh3 54. Nd7 Rd6 55. N7xe5 Nh4 56.
Rh7 Kg3 57. Rg7+ Kh3 58. Nf7 Ng2 59. Ng5+ Kg3 60. Nf7+ 1-0

[Event "15e Open International de Quenza"]
[Site "Quenza"]
[Date "2026.07.05"]
[Round "5.1"]
[White "KOELLE, Tobias"]
[Black "SUMETS, Andrey"]
[Result "1-0"]
[TimeControl "5min+3s"]
[WhiteTitle "IM"]
[BlackTitle "GM"]
[WhiteFideId "-"]
[BlackFideId "-"]
[WhiteElo "2613"]
[BlackElo "2470"]

1. d4 d5 2. c4 c6 3. cxd5 cxd5 4. Bg5 Nf6 5. Bxf6 gxf6 6. Nc3 Nc6 7. e3 e6 8. f4 f5 9. Nf3 Bd6 10.
Bd3 Bd7 11. Kf2 a6 12. Rc1 Qe7 13.
a3 Rc8 14. Na4 Rc7 15. Nc5 O-O 16. h3 Nb8 17. g4 Bxc5 18. dxc5 Rxc5 19. Rxc5 Qxc5 20. gxf5 exf5 21. Ng5 Re8 22. Re1 d4 23. Qh5 dxe3+ 24. Ke2 Qd5 25. Rg1 Kf8 26. Nxh7+ Ke7 27. Qg5+ Kd6 28. Nf6 Qb3 29. Nxe8+ Bxe8 30. Qf6+ Kc7 31. Qe5+ Kd8 32. Qxb8+ 1-0

[Event "15e Open International de Quenza"]
[Site "Quenza"]
[Date "2026.07.05"]
[Round "5.5"]
[White "THIBOUS, Mathis"]
[Black "KOSTENIUK, Alexandra"]
[Result "1/2-1/2"]
[TimeControl "5min+3s"]
[WhiteTitle "-"]
[BlackTitle "GM"]
[WhiteFideId "-"]
[BlackFideId "-"]
[WhiteElo "2003"]
[BlackElo "2392"]

1. e4 c6 2. Nf3 d5 3. d3 Qc7 4. Nbd2 e5 5. d4 exd4 6. Nxd4 Nf6 7. exd5 Nxd5 8.
Bc4 Qe5+ 9. Qe2 Qxe2+ 10. Nxe2 Nb6 11. Bd3 Be7 12. O-O N8d7 13. c3 Ne5 14. Bc2 O-O 15. Nd4 Re8 16. h3 Bd6 17.
b3 Ng6 18. Ne4 Bf8 19. c4 a5 20. a4 Bb4 21. Bb2 f6 22. Rad1 Nf4 23. Bb1 Bd7 24. Kh2 Rad8 25. Ng3 g6 26.
Ne4 Kf7 27. Nxf6 Kxf6 28. Nxc6+ Kf7 29. Nxd8+ Rxd8 30. Be4 Ne6 31. Bd4 Nxd4 32. Rxd4 Bc5 33. Rd2 Rb8 34. Rfd1 Be6 35. g3 Bb4 36. Rd3 Ke7 37. Kg2 Nd7 38. Bd5 Bf5 39. Re3+ Kf8 40. g4 Bc2 41. Rc1 Kg7 42. Rxc2 h5 43. g5 Bd6 44. Rce2 Rd8 45. h4 Nc5 46. Re7+ Bxe7 47. Rxe7+ Kf8 48.
Rf7+ Ke8 49. Rg7 Rd6 50. Bxb7 Nxb3 51. c5 Nxc5 52. Bf3 Nxa4 53.
Ra7 Nc5 54. Rxa5 Ne6 55. Ra7 Kf7 56. Be4+ Kg8 57. Bc2 Nc5 58. Be4 Ne6 59. Bc2 Nc5 1/2-1/2